MLB
WASHINGTON NATIONALS @ COLORADO ROCKIES
07/01/2041
 
TOP OF THE 1ST
Washington Nationals batting - Pitching for Colorado Rockies : RHP Mario Berrios
Pitching: RHP Mario Berrios
Batting: LHB Dana Martin 0-0: Called Strike
0-1: Ball
1-1: Foul Ball, location: 2F
1-2: Ground out 4-3 (Groundball, 4, EV 102.5 MPH)
Batting: SHB Luis Mota 0-0: Fly out, F9 (Flyball, 9, EV 93.1 MPH)
Batting: LHB Brad Numbers 0-0: Called Strike
0-1: Foul Ball, location: 2F
0-2: Strikes out looking
Top of the 1st over - 0 runs, 0 hits, 0 errors, 0 left on base; Washington 0 - Colorado 0
BOTTOM OF THE 1ST
Colorado Rockies batting - Pitching for Washington Nationals : RHP Luis Santos
Pitching: RHP Luis Santos
Batting: LHB Juan Costa 0-0: Ball
1-0: Called Strike
1-1: Swinging Strike
1-2: DOUBLE (Line Drive, 78D, EV 98.8 MPH)
Batting: RHB Kurt Carpenter 0-0: Ball
1-0: Foul Ball, location: 2F
1-1: Ground out 3-1 (Groundball, 34, EV 81.3 MPH)
Juan Costa to third
Batting: RHB Joe Thompson 0-0: Ball
1-0: SINGLE (Line Drive, 4M, EV 100.0 MPH)
Juan Costa scores
Batting: RHB Mike Hudson 0-0: Swinging Strike
0-1: Fly out, F3 (Popup, 3L, EV 78.8 MPH)
Batting: LHB Pancho Cervantez 0-0: Called Strike
0-1: Ball
1-1: Swinging Strike
1-2: Ball
2-2: Foul Ball, location: 5F
2-2: Ball
3-2: Foul Ball, location: 9LMFF
3-2: Fly out, F9 (Line Drive, 89M, EV 100.6 MPH)
Bottom of the 1st over - 1 run, 2 hits, 0 errors, 1 left on base; Washington 0 - Colorado 1
TOP OF THE 2ND
Washington Nationals batting - Pitching for Colorado Rockies : RHP Mario Berrios
Batting: RHB Doug Watts 0-0: Fly out, F9 (Flyball, 89M, EV 87.5 MPH)
Batting: SHB Dave Dulin 0-0: Ball
1-0: Foul Ball, location: 7LDF
1-1: Ball
2-1: Called Strike
2-2: Ball
3-2: Strikes out swinging
Batting: LHB Bob Mundarain 0-0: Ball
1-0: Called Strike
1-1: Called Strike
1-2: Foul Ball, location: 5FF
1-2: Ball
2-2: Ball
3-2: Ground out 5-3 (Groundball, 5, EV 88.8 MPH)
Top of the 2nd over - 0 runs, 0 hits, 0 errors, 0 left on base; Washington 0 - Colorado 1
BOTTOM OF THE 2ND
Colorado Rockies batting - Pitching for Washington Nationals : RHP Luis Santos
Batting: LHB Eric Merritt 0-0: Swinging Strike
0-1: Foul Ball, location: 5SF
0-2: Ball
1-2: Strikes out looking
Batting: LHB António Caligas 0-0: Foul Ball, location: 2F
0-1: Ball
1-1: Foul Ball, location: 2F
1-2: Ball
2-2: Ball
3-2: SINGLE (Groundball, 4D, EV 104.4 MPH)
Batting: LHB Juan Barrón 0-0: Swinging Strike
0-1: Ball
1-1: Hit by Pitch
António Caligas to second
Batting: RHB Jeff Lovell 0-0: Called Strike
0-1: Ball
1-1: Fly out, F3 (Popup, 3, EV 69.4 MPH)
Batting: LHB Juan Costa 0-0: Ball
1-0: Ball
2-0: Foul Ball, location: 7LDF
2-1: DOUBLE (Line Drive, 7LS, EV 104.4 MPH)
António Caligas scores
Juan Barrón to third
Batting: RHB Kurt Carpenter 0-0: Called Strike
0-1: Ball
1-1: Ball
2-1: Foul Ball, location: 7LSF
2-2: Ground out 5-3 (Groundball, 56, EV 93.8 MPH)
Bottom of the 2nd over - 1 run, 2 hits, 0 errors, 2 left on base; Washington 0 - Colorado 2
TOP OF THE 3RD
Washington Nationals batting - Pitching for Colorado Rockies : RHP Mario Berrios
Batting: SHB Jorge Acosta 0-0: Ball
1-0: Ground out 4-3 (Groundball, 4, EV 83.1 MPH)
Batting: LHB Eric Tushinghem 0-0: Ball
1-0: Swinging Strike
1-1: Foul Ball, location: 5FF
1-2: Foul Ball, location: 2F
1-2: Ball
2-2: Ball
3-2: Base on Balls
Batting: RHB Dave Kondo 0-0: Called Strike
0-1: Ball
1-1: Ball
Eric Tushinghem steals 2nd base (no throw)
2-1: Called Strike
2-2: Foul Ball, location: 9LSF
2-2: Ball
3-2: Ground out 6-3 (Groundball, 6, EV 78.8 MPH)
Eric Tushinghem to third
Batting: LHB Dana Martin 0-0: Called Strike
0-1: Ball
1-1: Ground out U3 (Groundball, 3, EV 110.6 MPH)
Top of the 3rd over - 0 runs, 0 hits, 0 errors, 1 left on base; Washington 0 - Colorado 2
BOTTOM OF THE 3RD
Colorado Rockies batting - Pitching for Washington Nationals : RHP Luis Santos
Batting: RHB Joe Thompson 0-0: Called Strike
0-1: Ball
1-1: Ball
2-1: Swinging Strike
2-2: Fly out, F3 (Popup, 3S, EV 78.1 MPH)
Batting: RHB Mike Hudson 0-0: Ball
1-0: Fly out, F8 (Flyball, 8RM, EV 75.0 MPH)
Batting: LHB Pancho Cervantez 0-0: Ball
1-0: Ball
2-0: Foul Ball, location: 7LSF
2-1: Ball
3-1: Called Strike
3-2: Fly out, F9 (Flyball, 89D, EV 104.4 MPH)
Bottom of the 3rd over - 0 runs, 0 hits, 0 errors, 0 left on base; Washington 0 - Colorado 2
TOP OF THE 4TH
Washington Nationals batting - Pitching for Colorado Rockies : RHP Mario Berrios
Batting: SHB Luis Mota 0-0: Called Strike
0-1: Foul Ball, location: 23F
0-2: Ball
1-2: Foul Ball, location: 2F
1-2: Ball
2-2: Ground out 1-3 (Groundball, 15S, EV 65.0 MPH)
Batting: LHB Brad Numbers 0-0: Ball
1-0: Foul Ball, location: 2F
1-1: Ball
2-1: Ball
3-1: Foul Ball, location: 25FF
3-2: Strikes out swinging
Batting: RHB Doug Watts 0-0: Ball
1-0: Called Strike
1-1: Swinging Strike
1-2: Foul Ball, location: 2F
1-2: Ball
2-2: Foul Ball, location: 2LF
2-2: Foul Ball, location: 9LDF
2-2: Foul Ball, location: 2LF
2-2: Ball
3-2: SINGLE (Groundball, 6MD, EV 107.5 MPH)
Batting: SHB Dave Dulin 0-0: Foul Ball, location: 2F
0-1: Ball
1-1: Foul Ball, location: 2F
1-2: Foul Ball, location: 25F
1-2: Ball
2-2: Ball
3-2: Foul Ball, location: 7LSF
3-2: Foul Ball, location: 2F
3-2: Strikes out looking
Top of the 4th over - 0 runs, 1 hit, 0 errors, 1 left on base; Washington 0 - Colorado 2
BOTTOM OF THE 4TH
Colorado Rockies batting - Pitching for Washington Nationals : RHP Luis Santos
Batting: LHB Eric Merritt 0-0: Ball
1-0: Ball
2-0: Called Strike
2-1: Ball
3-1: Foul Ball, location: 3F
3-2: Fly out, F9 (Flyball, 9S, EV 86.3 MPH)
Batting: LHB António Caligas 0-0: Ball
1-0: Swinging Strike
1-1: Ball
2-1: Foul Ball, location: 7LDF
2-2: Strikes out swinging
Batting: LHB Juan Barrón 0-0: Ball
1-0: Swinging Strike
1-1: Ground out 5-3 (Groundball, 5, EV 105.0 MPH)
Bottom of the 4th over - 0 runs, 0 hits, 0 errors, 0 left on base; Washington 0 - Colorado 2
TOP OF THE 5TH
Washington Nationals batting - Pitching for Colorado Rockies : RHP Mario Berrios
Batting: LHB Bob Mundarain 0-0: Called Strike
0-1: Ball
1-1: Foul Ball, location: 2F
1-2: Ball
2-2: Foul Ball, location: 5F
2-2: Ground out 6-3 (Groundball, 6M, EV 83.1 MPH)
Batting: SHB Jorge Acosta 0-0: Swinging Strike
0-1: Swinging Strike
0-2: Strikes out swinging
Batting: LHB Eric Tushinghem 0-0: Called Strike
0-1: SOLO HOME RUN (Flyball, 7D, EV 109.4 MPH) (Inside the Park)
Batting: RHB Dave Kondo 0-0: Ball
1-0: Ball
2-0: Swinging Strike
2-1: Foul Ball, location: 5FF
2-2: Foul Ball, location: 2F
2-2: Ball
3-2: Foul Ball, location: 2F
3-2: Strikes out swinging
Top of the 5th over - 1 run, 1 hit, 0 errors, 0 left on base; Washington 1 - Colorado 2
BOTTOM OF THE 5TH
Colorado Rockies batting - Pitching for Washington Nationals : RHP Luis Santos
Batting: RHB Jeff Lovell 0-0: Swinging Strike
0-1: Foul Ball, location: 9LSF
0-2: Strikes out swinging
Batting: LHB Juan Costa 0-0: Ball
1-0: SINGLE (Groundball, 6S, EV 70.6 MPH) (infield hit)
Batting: RHB Kurt Carpenter 0-0: Ball
1-0: DOUBLE (Line Drive, 78XD, EV 98.8 MPH)
Juan Costa to third
Runner from 3rd tries for Home, SAFE, throw by LF to trailing runner, OUT at third! 7-3-5
Batting: RHB Joe Thompson 0-0: Foul Ball, location: 2F
0-1: Foul Ball, location: 2F
0-2: Ball
1-2: Strikes out swinging
Bottom of the 5th over - 1 run, 2 hits, 0 errors, 0 left on base; Washington 1 - Colorado 3
TOP OF THE 6TH
Washington Nationals batting - Pitching for Colorado Rockies : RHP Mario Berrios
Batting: LHB Dana Martin 0-0: Foul Ball, location: 7LMF
0-1: Ball
1-1: Foul Ball, location: 7LSF
1-2: Strikes out swinging
Batting: SHB Luis Mota 0-0: Foul Ball, location: 7LDF
0-1: Ball
1-1: Ball
2-1: Foul Ball, location: 3DF
2-2: TRIPLE (Line Drive, 7LD, EV 103.1 MPH)
Batting: LHB Brad Numbers 0-0: Ball
1-0: Ball
2-0: Ball
3-0: Base on Balls
Batting: RHB Doug Watts 0-0: Called Strike
0-1: Foul Ball, location: 7LSF
0-2: Strikes out swinging
Pitching: RHP Aurelio Rodríguez
Batting: SHB Dave Dulin 0-0: Ball
1-0: 3-RUN HOME RUN (Flyball, 9LD, EV 98.1 MPH), Distance : 367 ft
Batting: LHB Bob Mundarain 0-0: Fly out, F8 (Flyball, 78D, EV 104.4 MPH)
Top of the 6th over - 3 runs, 2 hits, 0 errors, 0 left on base; Washington 4 - Colorado 3
BOTTOM OF THE 6TH
Colorado Rockies batting - Pitching for Washington Nationals : RHP Luis Santos
Batting: RHB Mike Hudson 0-0: Called Strike
0-1: Foul Ball, location: 25F
0-2: Ball
1-2: SOLO HOME RUN (Flyball, 7D, EV 98.1 MPH), Distance : 387 ft
Batting: LHB Pancho Cervantez 0-0: Called Strike
0-1: Ball
1-1: Foul Ball, location: 3DF
1-2: Foul Ball, location: 25FF
1-2: Foul Ball, location: 7LSF
1-2: Fly out, F7 (Flyball, 7LM, EV 111.3 MPH)
Batting: LHB Eric Merritt 0-0: Called Strike
0-1: Ball
1-1: Swinging Strike
1-2: Ball
2-2: Fly out, F9 (Flyball, 9, EV 91.9 MPH)
Batting: LHB António Caligas 0-0: Swinging Strike
0-1: Foul Ball, location: 7LMF
0-2: Ball
1-2: Ground out U3 (Groundball, 3, EV 88.1 MPH)
Bottom of the 6th over - 1 run, 1 hit, 0 errors, 0 left on base; Washington 4 - Colorado 4
TOP OF THE 7TH
Washington Nationals batting - Pitching for Colorado Rockies : RHP Aurelio Rodríguez
Batting: SHB Jorge Acosta 0-0: Ball
1-0: Ball
2-0: Swinging Strike
2-1: Foul Ball, location: 2F
2-2: Strikes out swinging
Pitching: LHP Johnny George
Pinch Hitting: RHB Juan Palácios 0-0: Foul Ball, location: 9LDF
0-1: Ball
1-1: Foul Ball, location: 3SF
1-2: Strikes out swinging
Batting: RHB Dave Kondo 0-0: Ball
1-0: Called Strike
1-1: Swinging Strike
1-2: Strikes out looking
Top of the 7th over - 0 runs, 0 hits, 0 errors, 0 left on base; Washington 4 - Colorado 4
BOTTOM OF THE 7TH
Colorado Rockies batting - Pitching for Washington Nationals : RHP Luis Santos
Now in LF: Orlando Rodríguez
Now in CF: Dana Martin
Batting: LHB Juan Barrón 0-0: SINGLE (Groundball, 13S, EV 66.9 MPH) (infield hit)
Batting: RHB Jeff Lovell 0-0: Ball
Juan Barrón steals 2nd base
1-0: Ball
2-0: Called Strike
2-1: Sac Bunt to 13S - play at third, runner OUT! 1-5
Pitching: RHP Manny Medina
Batting: LHB Juan Costa 0-0: SINGLE (Line Drive, 4D, EV 110.0 MPH)
Jeff Lovell to second
Batting: RHB Kurt Carpenter 0-0: Ball
1-0: Fly out, F9 (Flyball, 89S, EV 90.6 MPH)
Batting: RHB Joe Thompson 0-0: Fielders Choice at 2nd, 5-4 (Groundball, 56, EV 81.3 MPH)
Bottom of the 7th over - 0 runs, 2 hits, 0 errors, 2 left on base; Washington 4 - Colorado 4
TOP OF THE 8TH
Washington Nationals batting - Pitching for Colorado Rockies : LHP Johnny George
Batting: LHB Dana Martin 0-0: Foul Ball, location: 2F
0-1: Foul Ball, location: 2F
0-2: Ball
1-2: Ball
2-2: Foul Ball, location: 2F
2-2: Strikes out swinging
Batting: SHB Luis Mota 0-0: Ground out 6-3 (Groundball, 6, EV 80.6 MPH)
Batting: RHB Jon Thurman 0-0: Ground out 5-3 (Groundball, 56S, EV 70.0 MPH)
Top of the 8th over - 0 runs, 0 hits, 0 errors, 0 left on base; Washington 4 - Colorado 4
BOTTOM OF THE 8TH
Colorado Rockies batting - Pitching for Washington Nationals : RHP Manny Medina
Batting: RHB Mike Hudson 0-0: Ball
1-0: Called Strike
1-1: Foul Ball, location: 3DF
1-2: Hit by Pitch
Batting: LHB Pancho Cervantez 0-0: Swinging Strike
0-1: Called Strike
0-2: Ball
1-2: Ball
2-2: Foul Ball, location: 3SF
2-2: Strikes out swinging
Batting: LHB Eric Merritt Pickoff Throw to First - Out! 1-3
0-0: Ball
1-0: SOLO HOME RUN (Flyball, 7D, EV 100.0 MPH), Distance : 386 ft
Batting: LHB António Caligas 0-0: Called Strike
0-1: Fly out, F7 (Flyball, 7S, EV 96.9 MPH)
Bottom of the 8th over - 1 run, 1 hit, 0 errors, 0 left on base; Washington 4 - Colorado 5
TOP OF THE 9TH
Washington Nationals batting - Pitching for Colorado Rockies : LHP Johnny George
Pitching: RHP Edgardo Guzmán
Now at 2B: Juan Barrón
Now in LF: Jeff Ford
Batting: RHB Doug Watts 0-0: Called Strike
0-1: Swinging Strike
0-2: Ball
1-2: Strikes out swinging
Batting: SHB Dave Dulin 0-0: Called Strike
0-1: Ball
1-1: Fly out, F8 (Line Drive, 8RM, EV 95.6 MPH)
Batting: LHB Bob Mundarain 0-0: Swinging Strike
0-1: Ball
1-1: Ball
2-1: Ball
3-1: Swinging Strike
3-2: Strikes out looking
Top of the 9th over - 0 runs, 0 hits, 0 errors, 0 left on base; Washington 4 - Colorado 5
Sunday, March 24th , 2024 - OOTP Baseball 24.10 Build 82